 Dungeon Crawl Stone Soup version 0.27-a0-1579-g97d2440184 (webtiles) character file.

Game seed: 12979662209650378634

2 Sobieck the Charlatan (level 1, 0/13 HPs)
             Began as an Octopode Artificer on July 17, 2021.
             Slain by an endoplasm (2 damage)
             ... on level 1 of the Dungeon.
             The game lasted 00:00:55 (30 turns).

Sobieck the Charlatan (Octopode Artificer)            Turns: 30, Time: 00:00:55

Health: 0/13       AC:  1    Str: 11    XL:     1   Next: 30%
Magic:  1/1        EV: 13    Int: 13    God:
Gold:   0          SH:  0    Dex: 12    Spells: 0/0 levels left

rFire    . . .     SeeInvis .   a - +0 club {mace}
rCold    . . .     Faith    .   (no shield)
rNeg     . . .     Spirit   .   (helmet restricted)
rPois    .         Reflect  .   (no amulet)
rElec    .         Harm     .   (no ring)
rCorr    .         Rampage  .   (no ring)
Will     .....                  (no ring)
Stlth    +++.......             (no ring)
HPRegen  0.04/turn              (no ring)
MPRegen  0.07/turn              (no ring)
                                (no ring)
                                (no ring)

@: no status effects
A: almost no armour, amphibious, 8 rings, camouflage 1, gelatinous body 1,
(nimble swimmer 1), tentacles
a: no special abilities


You were on level 1 of the Dungeon.
You visited 1 branch of the dungeon, and saw 1 of its levels.


Innate Abilities, Weirdness & Mutations

You cannot wear most types of armour.
You are amphibious.
You can wear up to eight rings at the same time.
Your skin changes colour to match your surroundings (Stealth+).
Your rubbery body absorbs attacks. (AC +1, EV +1)
((You are camouflaged near water. (Stealth+)))
You have tentacles for arms and can constrict up to eight enemies at once.


   Skills:
 + Level 1.0 Fighting
 + Level 2.3 Dodging
 + Level 1.4 Stealth
 + Level 0.1 Unarmed Combat
 + Level 3.3 Evocations


You couldn't memorise any spells.
You didn't know any spells.
Your spell library was empty.

Inventory:

Hand Weapons
 a - a +0 club (weapon) {mace}
Wands
 b - a wand of flame (15) (quivered)
 c - a wand of charming (14)
Potions
 e - 2 potions of berserk rage {unknown}
Miscellaneous
 d - a piece from Xom's chessboard (13/15)

Dungeon Overview and Level Annotations

Branches:
Dungeon (1/15)

Altars:

#≈≈≈≈♣.♣≈≈≈≈#
#≈...♣.♣...≈# #≈.P.....♣
#≈PPP...♣♣
###♣.P.....♣.♣#.
#..≈....<....≈..
#.#♣.P.....P.♣#. #
#.#≈PPP...PPP≈# #.
#@#≈.P.....P.≈#
##.#..####J#≈≈≈≈♣≈♣≈≈≈≈#
..g........######.######
##.#####...........
#....######## ...g##
.....# ......# .......#


You could see an endoplasm and a hobgoblin (confused).


Message History

🤖 Initializing magus.rc ...
Options error: Delay interrupt name "hungry" not recognised. (~/.crawlrc:4781) ✅ Successfully initialized magus.rc [v1.9.6] Welcome, Sobieck the Octopode Artificer.
The bosom of this dungeon contains the fabulous artefact, the Orb of Zot.
Press ? for a list of commands and other information.
Found 2 pink potions.
Found a staircase leading out of the dungeon.
Unknown command.
Okay, then.
Unknown command.
e - 2 pink potions A goblin comes into view.
It is wielding a +0 dagger.
A hobgoblin comes into view.
A goblin comes into view. It is wielding a +0 dagger.
The goblin shouts! x2
You hit the goblin but do no damage. Your grab misses the goblin.
The goblin hits you with a +0 dagger. 😕 HP[-1]
You take 1 damage, and now have 12/13 hp.
You closely miss the goblin. Your grab misses the goblin.
The goblin hits you with a +0 dagger. 😕 HP[-2]
You take 2 damage, and now have 10/13 hp.
A ball python and an endoplasm come into view.
The goblin hits you with a +0 dagger.
A goblin comes into view. It is wielding a +0 dagger. 😮 HP[-3]
You take 3 damage, and now have 7/13 hp.
MASSIVE DAMAGE!! (PAUSE)
The ball python hisses angrily.
The goblin barely misses you.
You don't know any spells.
Unknown command.
You make a move on Xom's chessboard...
The hobgoblin appears confused.
The goblin barely misses you. The goblin hits you with a +0 dagger.
* * * LOW HITPOINT WARNING * * *
😨 HP[-1]
You take 1 damage, and now have 6/13 hp.
The endoplasm quivers.
The hobgoblin barely misses the goblin.
Aiming: Charm
Press: ? - help, Shift-Dir - straight line, f - goblin
Aim: a goblin, wielding a +0 dagger (chance to affect: 72%)
The goblin struggles to resist.
The goblin closely misses you.
The hobgoblin hits the goblin.
The hobgoblin barely misses itself.
The goblin barely misses you.
You barely miss the goblin. You grab the goblin. You squeeze the goblin.
You kill the goblin!
The goblin barely misses you. 😮 HP[+1]
You barely miss the goblin. You grab the goblin. You constrict the goblin.
The goblin misses you.
You hit the goblin but do no damage. You squeeze the goblin.
You kill the goblin!
The ball python bites you but does no damage.
The ball python grabs you.
* * * LOW HITPOINT WARNING * * *
The ball python constricts you. 😨 HP[-1]
You take 1 damage, and now have 6/13 hp.
You make a move on Xom's chessboard...
The hobgoblin falls asleep!
The ball python bites you.
* * * LOW HITPOINT WARNING * * *
x2 The ball python constricts you. 😨 HP[-2]
You take 2 damage, and now have 4/13 hp.
You hit the ball python but do no damage.
You grab the ball python. You constrict the ball python.
The ball python closely misses you.
* * * LOW HITPOINT WARNING * * *
The ball python constricts you. 😱 HP[-1]
You take 1 damage, and now have 3/13 hp.
You hit the ball python.
You kill the ball python!
The endoplasm hits you.
* * * LOW HITPOINT WARNING * * *
😱 HP[-1]
You take 1 damage, and now have 2/13 hp.
You hit the endoplasm but do no damage.
The hobgoblin shouts!
The endoplasm hits you.
You die...

Action                   || total
-------------------------++-------
Melee: Club              ||     8
       Constrict         ||     3
       Tentacles         ||     2
Evoke: Piece from Xom's  ||     2
       Wand              ||     1
Armor: Skin              ||     1
Dodge: Dodged            ||     7

Levels and vault maps discovered:
D:1:      ldierk_walled_garden, layout_basic, minmay_gold_behind_fungi

Notes
Turn   | Place    | Note
-------+----------+-------------------------------------------
     0 | D:1      | Sobieck the Octopode Artificer began the quest for the Orb.
     0 | D:1      | Reached XP level 1. HP: 13/13 MP: 1/1
     0 | D:1      | magus.rc [v1.9.6]
    28 | D:1      | HP: 3/13 [ball python (1)]
    30 | D:1      | Slain by an endoplasm

Vanquished Creatures
  2 goblins (D:1)
  A ball python (D:1)
3 creatures vanquished.

Table legend:
 A = Non-vault XP
 B = Vault XP
 C = Vault XP percentage of total XP
 D = Non-vault monster count
 E = Vault monster count
 F = Vault count percentage of total count
                 A         B        C        D         E       F
            +---------+---------+-------+---------+---------+-------
      Total |       3 |       0 |   0.0 |       3 |       0 |   0.0
            +---------+---------+-------+---------+---------+-------
        D:1 |       3 |       0 |   0.0 |       3 |       0 |   0.0
            +---------+---------+-------+---------+---------+-------

Illustrated notes

Table legend:
 A = Kills in this place as a percentage of kills in entire the game.
 B = Kills by you in this place as a percentage of kills by you in the entire game.
 C = Kills by friends in this place as a percentage of kills by friends in the entire game.
 D = Other kills in this place as a percentage of other kills in the entire game.
 E = Experience gained in this place as a percentage of experience gained in the entire game.
 F = Experience gained in this place divided by the number of levels of this place that you have seen.
                   A       B       C       D       E      F
               +-------+-------+-------+-------+-------+----------------------
         Total | 100.0 | 100.0 |   N/A |   N/A | 100.0 |   3.0
       Dungeon | 100.0 | 100.0 |   N/A |   N/A | 100.0 |   3.0
               +-------+-------+-------+-------+-------+----------------------

Table legend: (Time is in decaauts)
 A = Elapsed time spent in this place.
 B = Non-inter-level travel time spent in this place.
 C = Inter-level travel time spent in this place.
 D = Time resting spent in this place.
 E = Time spent auto-exploring this place.
 F = Levels seen in this place.
 G = Mean time per level.
                   A        B        C        D        E       F      G
               +--------+--------+--------+--------+--------+-----+--------+
         Total |     32 |     32 |      0 |      0 |     10 |   1 |   32.0 |
       Dungeon |     32 |     32 |      0 |      0 |     10 |   1 |   32.0 |
               +--------+--------+--------+--------+--------+-----+--------+

Top non-repeatable levels by time:
     D:1: 32 daAuts
